 Dungeon Crawl Stone Soup version 0.23-a0-49-gd9f7a49 (webtiles) character file.

7447 CanOfBees the Spear-Bearer (level 11, -5/84 HPs)
             Began as a Merfolk Ice Elementalist on Aug 7, 2018.
             Was a Believer of Sif Muna.
             Slain by a killer bee (8 damage)
             ... on level 9 of the Dungeon.
             The game lasted 00:46:14 (15862 turns).

CanOfBees the Spear-Bearer (MfIE)                  Turns: 15862, Time: 00:46:14

Health: -5/84      AC:  6    Str: 10 (11) XL:     11   Next: 15%
Magic:  19/20      EV: 13    Int: 13 (14) God:    Sif Muna [**....]
Gold:   394        SH:  8    Dex: 11 (14) Spells: 8/22 levels left

rFire    . . .     SeeInvis .   a - +3 spear (flame)
rCold    + . .     Gourm    .   g - +2 buckler
rNeg     . . .     Faith    .   v - +2 robe {rC+}
rPois    .         Spirit   .   q - +1 hat
rElec    .         Reflect  +   (no cloak)
rCorr    .         Harm     .   o - +0 pair of gloves
MR       ++...                  (no boots)
Stlth    ++........             k - +2 amulet of reflection
HPRegen  0.24/turn              (no ring)
MPRegen  0.17/turn              (no ring)

@: lethally poisoned (-5 -> -10)
A: change form in water, swift swim, stealthy swim, fangs 1, horns 1, blurry
vision 1, magic resistance 2, weak 1
a: Divine Energy, Renounce Religion


You were on level 9 of the Dungeon.
You worshipped Sif Muna.
Sif Muna was pleased with you.
You were not hungry.

You visited 1 branch of the dungeon, and saw 9 of its levels.

You collected 394 gold pieces.

Inventory:

Hand Weapons
 a - a +3 spear of flaming (weapon)
 b - a +1 trident of piercing
 G - a +3 hunting sling of freezing
Missiles
 f - 151 stones (quivered)
 t - 10 tomahawks
Armour
 g - a +2 buckler (worn)
 h - quicksilver dragon scales
 o - a +0 pair of gloves (worn)
 q - a +1 hat (worn)
 v - a +2 robe of cold resistance (worn)
 B - a +1 ring mail of poison resistance
Jewellery
 k - a +2 amulet of reflection (around neck)
Wands
 x - a wand of polymorph (8)
 C - a wand of random effects (40)
 H - a wand of scattershot (5)
Scrolls
 d - 2 scrolls of remove curse
 e - 3 scrolls of teleportation
 n - 2 scrolls of fear
 p - a scroll of immolation
 r - a scroll of magic mapping {unknown}
 u - a scroll of amnesia
 F - 2 scrolls of identify
Potions
 i - a potion of invisibility {unknown}
 j - 2 potions of agility
 l - a potion of brilliance
 m - a potion of degeneration
 s - 2 potions of might {unknown}
 w - a potion of lignification {unknown}
 A - 2 potions of haste {unknown}
 D - a potion of flight {unknown}
 E - a potion of cancellation {unknown}
 J - a potion of ambrosia {unknown}
Comestibles
 c - 7 rations


   Skills:
 + Level 7.6 Fighting
 + Level 9.7 Polearms
 - Level 4.0 Armour
 - Level 3.0 Dodging
 - Level 2.2 Stealth
 - Level 4.0 Shields
 + Level 6.2 Spellcasting
 - Level 2.0 Conjurations
 + Level 2.5 Charms
 * Level 8.8 Ice Magic
 + Level 5.8 Invocations


You had 8 spell levels left.
You knew the following spells:

 Your Spells              Type           Power        Failure   Level  Hunger
a - Freeze                Ice            ####         1%          1    None
b - Throw Frost           Conj/Ice       ###...       2%          2    #......
c - Ozocubu's Armour      Chrm/Ice       ###.....     4%          3    ###....
d - Throw Icicle          Conj/Ice       ###.....     19%         4    ####...
e - Summon Ice Beast      Ice/Summ       ###.....     26%         4    ####...

Your spell library contained the following spells:

 Spells                   Type           Power        Failure   Level  Hunger


Dungeon Overview and Level Annotations

Branches:
Dungeon (9/15)             Temple (0/1) D:5
   Lair: D:8-11         Orc: D:9-12

Altars:
Elyvilon
Fedhas
Hepliaklqana
Nemelex Xobeh
Qazlal
Ru
Sif Muna
Trog
Zin

Shops:
D:7 (

Annotations:
D:9 Gastronok


Innate Abilities, Weirdness & Mutations

You revert to your normal form in water.
You are very nimble and swift while swimming.
You are very stealthy in the water. (Stealth+)
You have very sharp teeth.
You have a pair of small horns on your head.
Scrolls take you a little longer to read.
You are highly resistant to hostile enchantments. (MR++)
You are weak. (Str -2)


Message History

Unknown command.
It was a potion of degeneration.
There was something very wrong with that liquid.
You feel weakened.
You feel dopey.
You feel clumsy. The killer bee stings you!
* * * LOW HITPOINT WARNING * * *
You are lethally poisoned!
The killer bee poisons you! You block the killer bee's attack.
* * * LOW HITPOINT WARNING * * *
You feel sick. The killer bee barely misses you.
You hit the killer bee. You burn the killer bee.
The killer bee is lightly wounded.
* * * LOW HITPOINT WARNING * * *
You feel sick. The killer bee closely misses you. The killer bee stings you.
* * * LOW HITPOINT WARNING * * *
You hit the killer bee. You burn the killer bee.
The killer bee is moderately wounded.
* * * LOW HITPOINT WARNING * * *
You feel sick. The killer bee stings you!
You die...

.#........#####..####..#######..#
.......)......................<..
... ...........................
..# #ยง.#####..####..####..####
..# #.Y# #..# #..# #..# # ..#
#.(# #..# #..# #..# #
..######..#####..####..####..####
..........(......................
...............y@................
........####..####..####..#####..
........# #..# #..# #..# #..
........# #..# #..# #..# #..
........# #).# #..####..# #..
........# #..# #........# #..
........# #.%# #......[.# #..
........ #w.# #..####.$# #.. #..#
#..# #..# #..


You could see a killer bee.

Vanquished Creatures
  Erica (D:9)
  Pikel (D:3)
  A cyclops (D:7)
  2 centaur zombies
  Joseph (D:8)
  Prince Ribbit (D:4)
  A vampire (D:9)
  Eustachio (D:5)
  A hungry ghost (D:8)
  Edmund (D:4)
  An orc warrior (D:8)
  A sky beast (D:7)
  3 black bears
  4 ice beasts
  3 phantoms
  5 ogres
  4 centaurs
  A crocodile (D:9)
  Blork the orc (D:5)
  A gnoll sergeant (D:4)
  A big kobold (D:8)
  2 bullfrogs
  4 scorpions
  A howler monkey (D:5)
  4 crimson imps
  A bullfrog zombie (D:9)
  3 jellies
  2 orc priests
  5 gnoll shamans (D:4)
  4 hounds
  8 orc wizards
  An iguana (D:4)
  5 worker ants
  A killer bee zombie (D:9)
  A hound zombie (D:5)
  A worker ant zombie (D:7)
  32 gnolls (D:4)
  A howler monkey skeleton (D:4)
  5 adders
  2 shadow imps (D:9)
  An ooze (D:1)
  2 worms
  An adder skeleton (D:5)
  An adder zombie (D:5)
  6 dart slugs
  4 leopard geckos
  21 orcs
  8 bats
  7 giant cockroaches
  12 goblins
  8 hobgoblins
  20 jackals
  16 kobolds
  3 quokkas
  3 frilled lizards
  A quokka skeleton (D:8)
  8 rats
241 creatures vanquished.

Vanquished Creatures (collateral kills)
  An ogre mage (D:7)
  A steam dragon (D:7)
  A centaur (D:9)
3 creatures vanquished.

Vanquished Creatures (others)
  A slave (D:4)
1 creature vanquished.

Grand Total: 245 creatures vanquished

Notes
Turn   | Place    | Note
-------+----------+-------------------------------------------
     0 | D:1      | CanOfBees the Merfolk Ice Elementalist began the quest for the Orb.
     0 | D:1      | Reached XP level 1. HP: 13/13 MP: 3/3
   329 | D:1      | Reached XP level 2. HP: 19/19 MP: 3/5
   991 | D:1      | Learned a level 2 spell: Throw Frost
  1044 | D:1      | Reached XP level 3. HP: 25/25 MP: 2/6
  1259 | D:1      | Reached skill level 1 in Fighting
  2191 | D:2      | Reached XP level 4. HP: 28/32 MP: 3/7
  2757 | D:2      | Reached skill level 1 in Polearms
  3210 | D:3      | Found a faded altar of an unknown god.
  3293 | D:3      | Reached skill level 1 in Armour
  3293 | D:3      | Reached XP level 5. HP: 36/37 MP: 3/8
  3459 | D:3      | Found a deep blue altar of Sif Muna.
  3916 | D:3      | Reached skill level 1 in Conjurations
  3956 | D:3      | Reached skill level 2 in Polearms
  4384 | D:4      | Noticed Pikel
  4384 | D:4      | Noticed a slave
  4384 | D:4      | Noticed a slave
  4384 | D:4      | Noticed a slave
  4384 | D:4      | Noticed a slave
  4407 | D:4      | Found a white marble altar of Elyvilon.
  4630 | D:3      | Killed Pikel
  4630 | D:3      | Reached skill level 3 in Polearms
  4630 | D:3      | Reached skill level 5 in Ice Magic
  4630 | D:3      | Reached XP level 6. HP: 36/46 MP: 3/11
  4630 | D:3      | Reached XP level 7. HP: 40/51 MP: 3/12
  4985 | D:4      | Reached skill level 4 in Polearms
  5117 | D:4      | Reached XP level 8. HP: 58/58 MP: 9/13
  5702 | D:4      | Found a stormy altar of Qazlal.
  5718 | D:4      | Found a glowing silver altar of Zin.
  5927 | D:4      | Found a sacrificial altar of Ru.
  6367 | D:4      | Reached skill level 5 in Polearms
  7175 | D:3      | Became a worshipper of Sif Muna the Loreminder
  7222 | D:5      | Entered Level 5 of the Dungeon
  7224 | D:5      | Noticed Prince Ribbit
  7513 | D:5      | Reached skill level 1 in Invocations
  7612 | D:5      | Reached skill level 6 in Polearms
  7612 | D:5      | Reached XP level 9. HP: 63/67 MP: 14/16
  7892 | D:5      | Found a bloodstained altar of Trog.
  7906 | D:5      | Reached skill level 5 in Fighting
  7993 | D:5      | Noticed Edmund
  7995 | D:5      | Noticed Blork the orc
  8253 | D:4      | Killed Prince Ribbit
  8253 | D:4      | Reached skill level 5 in Spellcasting
  8356 | D:4      | Killed Edmund
  8439 | D:5      | Killed Blork the orc
  8494 | D:5      | Found a sacrificial altar of Ru.
  8816 | D:5      | Found a staircase to the Ecumenical Temple.
  8849 | D:5      | Reached * piety under Sif Muna
  9153 | D:5      | Noticed Eustachio
  9169 | D:5      | Killed Eustachio
  9169 | D:5      | Reached skill level 7 in Polearms
  9208 | D:5      | Gained mutation: You expend magic power (3 MP) to strengthen your wands. [potion of mutation]
  9208 | D:5      | Gained mutation: You are resistant to hostile enchantments. (MR+) [potion of mutation]
  9208 | D:5      | Gained mutation: You tend to lose your temper in combat. [potion of mutation]
  9208 | D:5      | Gained mutation: You have very sharp teeth. [potion of mutation]
  9209 | D:5      | Lost mutation: You expend magic power (3 MP) to strengthen your wands. [potion of mutation]
  9209 | D:5      | Lost mutation: You tend to lose your temper in combat. [potion of mutation]
  9209 | D:5      | Gained mutation: You have a pair of small horns on your head. [potion of mutation]
  9209 | D:5      | Gained mutation: Scrolls take you a little longer to read. [potion of mutation]
  9209 | D:5      | Gained mutation: You are weak. (Str -2) [potion of mutation]
  9209 | D:5      | Gained mutation: You are highly resistant to hostile enchantments. (MR++) [potion of mutation]
 10122 | D:7      | Found Qiecot's Weapon Emporium.
 10500 | D:7      | Noticed an ogre mage
 10614 | D:7      | Noticed a cyclops
 11069 | D:7      | Found a sparkling altar of Nemelex Xobeh.
 11239 | D:7      | Reached XP level 10. HP: 36/76 MP: 14/18
 11920 | D:8      | Learned a level 3 spell: Ozocubu's Armour
 11925 | D:8      | Learned a level 4 spell: Throw Icicle
 11930 | D:8      | Learned a level 4 spell: Summon Ice Beast
 12042 | D:7      | Reached skill level 8 in Polearms
 12047 | D:7      | Killed an ogre mage
 12303 | D:7      | Killed a cyclops
 13007 | D:8      | Noticed Joseph
 13009 | D:8      | Found a blossoming altar of Fedhas.
 13028 | D:8      | Killed Joseph
 13338 | D:8      | Found a hazy altar of Hepliaklqana.
 13552 | D:8      | Noticed Maurice
 13555 | D:8      | Noticed Maurice
 13555 | D:8      | Maurice changed into Maurice the ice beast
 13569 | D:8      | Killed Maurice the ice beast
 13662 | D:8      | Reached skill level 5 in Invocations
 13703 | D:8      | Reached skill level 9 in Polearms
 13881 | D:8      | Reached skill level 1 in Charms
 13968 | D:8      | Learned a level 4 spell: Summon Ice Beast
 14049 | D:9      | Noticed Gastronok
 14776 | D:9      | Reached XP level 11. HP: 84/84 MP: 15/20
 14782 | D:9      | Noticed Erica
 14814 | D:9      | Killed Erica
 14886 | D:8      | HP: 2/84 [hellwing (8)]
 15836 | D:9      | Reached ** piety under Sif Muna
 15861 | D:9      | HP: 4/84 [killer bee (2)]
 15862 | D:9      | Slain by a killer bee

Vault maps used:
D:1:      lightli_arrival_boilingwater
D:2:      first_ration, item_on_display_a
D:3:      nicolae_overflow_crystal_walls, chequers_ecumenical_altar_island,
          grunt_ministairs_14
D:4:      lemuel_castle_with_subvaults, nicolae_overflow_quartered_altars,
          uniq_pikel
D:5:      lightli_temple_of_fire, minmay_temple_entry_large_hall,
          nicolae_ru_awakened_eye, uniq_prince_ribbit1, uniq_blork_the_orc,
          uniq_edmund, uniq_eustachio
D:7:      nemelex_xobeh_ov_fountains_minmay, serial_shops, shop,
          grunt_ogre_cave, minmay_three_doors
D:8:      old_standard_altar, fedhas_altar_2, uniq_maurice, uniq_joseph
D:9:      cheibrodos_grave_circle, tso_altar, serial_shops, kennysheep_mini,
          kennysheep_generic_room_2, uniq_erica, uniq_gastronok

Skill      XL: |  1  2  3  4  5  6  7  8  9 10 11 |
---------------+----------------------------------+-----
Dodging        | 3 |  3.0
Ice Magic      | 4 5 6 7 8 |  8.8
Fighting       | 1 2 3 4 6 7 |  7.6
Polearms       | 1 3 4 6 7 9 |  9.7
Armour         | 1 3 4 |  4.0
Conjurations   | 2 |  2.0
Spellcasting   | 3 4 5 6 |  6.2
Shields        | 2 3 4 |  4.0
Invocations    | 1 3 5 |  5.8
Charms         | 1 2 |  2.5
Stealth        | |  2.2

Action                   |  1- 3 |  4- 6 |  7- 9 | 10-12 || total
-------------------------+-------+-------+-------+-------++-------
Melee: Short sword       |     4 |       |       |       ||     4
       Spear             |    37 |   102 |   159 |   170 ||   468
       Trident           |       |    28 |   351 |    58 ||   437
       Tailslap          |       |     4 |     5 |       ||     9
       Headbutt          |       |       |     8 |    37 ||    45
       Bite              |       |       |     4 |    23 ||    27
 Fire: Hunting sling     |       |       |       |    29 ||    29
Throw: Stone             |    41 |     3 |    20 |       ||    64
 Cast: Freeze            |    43 |    50 |    98 |    59 ||   250
       Throw Frost       |     9 |     1 |    31 |    17 ||    58
       Summon Ice Beast  |       |       |       |    12 ||    12
       Ozocubu's Armour  |       |       |       |     2 ||     2
Evoke: Wand              |       |       |       |     5 ||     5
  Use: Scroll            |     3 |     5 |     2 |     3 ||    13
       Potion            |       |     1 |     5 |     9 ||    15
 Stab: Sleeping          |       |     1 |     1 |     1 ||     3
       Distracted        |       |       |     1 |       ||     1
  Eat: Chunk             |     6 |     8 |    16 |     5 ||    35
       Ration            |       |       |     2 |     4 ||     6
Armor: Quicksilver drago |    20 |    68 |    86 |       ||   174
       Robe              |       |       |     6 |    34 ||    40
       Ring mail         |       |       |    22 |    42 ||    64
Dodge: Dodged            |    39 |    79 |   168 |   132 ||   418
Block: Buckler           |       |    16 |   156 |    88 ||   260

Table legend:
 A = Spawn XP
 B = Non-spawn XP
 C = Spawn XP percentage of total XP
 D = Spawn monster count
 E = Non-spawn monster count
 F = Spawn count percentage of total count
 G = Total turns spent on level
                    A         B        C        D         E        F      G
               +---------+---------+-------+---------+---------+-------+---------
         Total |       0 |   10639 |   0.0 |       0 |     244 |   0.0 | 15862
               +---------+---------+-------+---------+---------+-------+---------
           D:1 |       0 |      56 |   0.0 |       0 |      29 |   0.0 |  1841
           D:2 |       0 |      55 |   0.0 |       0 |      17 |   0.0 |  1189
           D:3 |       0 |     803 |   0.0 |       0 |      38 |   0.0 |  1719
           D:4 |       0 |    1604 |   0.0 |       0 |      64 |   0.0 |  3067
           D:5 |       0 |    1265 |   0.0 |       0 |      22 |   0.0 |  1568
           D:6 |       0 |     260 |   0.0 |       0 |       7 |   0.0 |   980
           D:7 |       0 |    2117 |   0.0 |       0 |      21 |   0.0 |  2588
           D:8 |       0 |    1996 |   0.0 |       0 |      29 |   0.0 |  2331
           D:9 |       0 |    2483 |   0.0 |       0 |      17 |   0.0 |   579
               +---------+---------+-------+---------+---------+-------+---------
